 Dungeon Crawl Stone Soup version 0.31.0-4-g52a2dc7128 (webtiles) character file.

Game seed: 14626799394095409526

1347 Eitelfritz the Gusty (level 8, -2/44 HPs)
             Began as a Tengu Air Elementalist on Jan 21, 2024.
             Slain by Crazy Yiuf
             ... wielding a +2 quarterstaff of chaos
              (6 damage)
             ... on level 5 of the Dungeon.
             The game lasted 00:15:44 (5374 turns).

Eitelfritz the Gusty (Tengu Air Elementalist)       Turns: 5374, Time: 00:15:44

Health: -2/44      AC:  2    Str: 10    XL:     8   Next: 62%
Magic:  17/17      EV: 17    Int: 16    God:
Gold:   234        SH:  0    Dex: 15    Spells: 5/17 levels left

rFire   . . .        a - +0 spear
rCold   . . .        (no shield)
rNeg    . . .        e - +0 robe
rPois   .            (helmet restricted)
rElec   .            (no cloak)
rCorr   .            (no gloves)
SInv    .            (boots unavailable)
Will    .....        (no amulet)
Stlth   ++           p - +4 ring of slaying
HPRegen 0.27/turn    (no ring)
MPRegen 0.15/turn

%: acrobat
@: weakened, flying
A: beak, talons 3, evasive flight, acrobatic
a: no special abilities


You were on level 5 of the Dungeon.
You visited 2 branches of the dungeon, and saw 6 of its levels.

You collected 234 gold pieces.

Inventory:

Hand Weapons
 a - a +0 spear (weapon)
Missiles
 g - 3 atropa-tipped darts
 j - 12 poisoned darts
 k - a curare-tipped dart
Armour
 e - a +0 robe (worn)
Magical Staves
 d - a staff of alchemy
Jewellery
 h - an amulet of magic regeneration
 l - a ring of see invisible
 p - a +4 ring of slaying (left hand)
Wands
 c - a wand of iceblast (8)
 y - a wand of light (7)
Scrolls
 s - 2 scrolls of amnesia
 x - a scroll of teleportation
Potions
 b - a potion of magic
 f - a potion of enlightenment
 i - 4 potions of curing
 m - a potion of ambrosia
 n - a potion of berserk rage
 o - a potion of resistance
 r - a potion of attraction
 t - 2 potions of mutation
 v - a potion of brilliance
 w - a potion of haste {unknown}


   Skills:
 + Level 1.7 Fighting
 + Level 2.6 Polearms
 + Level 3.8 Dodging
 + Level 3.5 Stealth
 + Level 5.4 Spellcasting
 + Level 6.0 Conjurations
 + Level 7.5 Air Magic


You had 5 spell levels left.
You knew the following spells:

 Your Spells              Type           Power      Damage    Failure   Level
a - Shock                 Conj/Air       100%       1d9       1%          1
b - Static Discharge      Conj/Air       52%        3-6/arc   1%          2
c - Swiftness             Air            28%        N/A       1%          3
d - Airstrike             Air            14%        2d(2-18)  7%          4
e - Blink                 Tloc           8%         N/A       22%         2

Your spell library contained the following spells:

 Spells                   Type           Power      Damage    Failure   Level
 Momentum Strike          Conj/Tloc      28%        3d8       6%          2
 Lesser Beckoning         Tloc           8%         N/A       22%         2


Dungeon Overview and Level Annotations

Branches:
Dungeon (5/15)             Temple (1/1) D:4

Altars:
Dithmenos
Fedhas
Kikubaaqudgha
Makhleb
Okawaru
Ru
Trog
Uskayaw
Vehumet
Wu Jian
Xom
Zin

Shops:
D:5 [

Annotations:
D:5 Crazy Yiuf


Innate Abilities, Weirdness & Mutations

You have a beak for a mouth.
You have claws for feet.
Your magical flight helps you evade attacks. (EV +4)
You can magically evade attacks while moving or waiting.


Message History

You see here a +0 hammer.
Could not explore, unopened runed door.
Press: ? - help, v - describe, . - travel
Here: Crazy Yiuf, wielding a +2 quarterstaff of chaos and wearing a +0 cloak (wandering, hasn't noticed you, fire blocked by a runed translucent door)
The floor.
Unknown command.
Unknown command.
Okay, then.
Unknown command.
As you read the scroll of identify, it crumbles to dust.
q - 2 potions of degeneration You drop 2 potions of degeneration.
As you read the scroll of identify, it crumbles to dust.
v - a potion of brilliance Crazy Yiuf shouts!
You reach down and open the door.
Crazy Yiuf flaps his cloak.
You hit Crazy Yiuf. You claw Crazy Yiuf. Your peck misses Crazy Yiuf.
Crazy Yiuf is moderately wounded.
Crazy Yiuf hits you with a +2 quarterstaff of chaos!
You puncture Crazy Yiuf! Your peck misses Crazy Yiuf.
Crazy Yiuf is severely wounded.
Crazy Yiuf hits you with a +2 quarterstaff of chaos!
Crazy Yiuf burns you.
You closely miss Crazy Yiuf. Your peck misses Crazy Yiuf.
Crazy Yiuf is severely wounded.
Crazy Yiuf cries, "Millenium dark sing!"
Crazy Yiuf hits you with a +2 quarterstaff of chaos!
* * * LOW HITPOINT WARNING * * *
You feel your attacks grow feeble.
You barely miss Crazy Yiuf.
Crazy Yiuf is severely wounded.
Crazy Yiuf hits you with a +2 quarterstaff of chaos.
* * * LOW HITPOINT WARNING * * *
Crazy Yiuf burns you.
* * * LOW HITPOINT WARNING * * *
You hit Crazy Yiuf but do no damage.
Crazy Yiuf is severely wounded.
Crazy Yiuf hits you with a +2 quarterstaff of chaos.
You die...

##.#####))..# ###...#
#....# #...### ♣....♣
#.### ♣♣...♣ #.# ♣♣.♣♣
#.# ♣♣.♣ #####.# ♣.♣♣
#.....# ### ♣♣.♣
#.##### #.# ♣@♣♣ #.#
#.# #g# #.# #.# ...
#.# #.# #...# #.#
###.# #)..# #.# #...#
##### #.#####.###
#.....#.##############
#####.#.##.........#.#


You could see Crazy Yiuf.

Vanquished Creatures
  Sigmund (D:4)
  2 ice beasts (D:5)
  2 black bears (D:5)
  An ogre (D:5)
  A phantom (D:5)
  A kobold brigand (D:5)
  2 scorpions (D:5)
  2 bombardier beetles
  4 hounds
  3 orc priests (D:4)
  An iguana (D:5)
  Robin (D:4)
  3 adders
  4 ufetubi (D:5)
  3 dart slugs
  4 ribbon worms
  11 orcs
  6 ball pythons
  6 bats
  2 endoplasms
  5 giant cockroaches
  20 goblins
  11 hobgoblins
  4 jackals
  11 kobolds
  4 quokkas
  3 frilled lizards
  5 rats
123 creatures vanquished.

Notes
Turn   | Place    | Note
-------+----------+-------------------------------------------
     0 | D:1      | Eitelfritz the Tengu Air Elementalist began the quest for
                  | the Orb.
     0 | D:1      | Reached XP level 1. HP: 10/10 MP: 4/4
   165 | D:1      | Reached XP level 2. HP: 15/15 MP: 6/6
   824 | D:1      | Reached XP level 3. HP: 19/19 MP: 4/7
  1494 | D:2      | Reached skill level 5 in Air Magic
  1494 | D:2      | Reached XP level 4. HP: 20/24 MP: 7/9
  2282 | D:2      | Learned a level 2 spell: Static Discharge
  2286 | D:2      | Learned a level 3 spell: Swiftness
  2369 | D:3      | Found a hide-covered altar of Uskayaw.
  2806 | D:3      | Reached XP level 5. HP: 27/28 MP: 10/10
  3161 | D:3      | Learned a level 4 spell: Airstrike
  3285 | D:4      | Found a staircase to the Ecumenical Temple.
  3295 | Temple   | Entered the Ecumenical Temple
  3414 | D:4      | Noticed Sigmund
  3429 | D:4      | Killed Sigmund
  3430 | D:4      | Reached skill level 1 in Polearms
  3430 | D:4      | Reached XP level 6. HP: 8/33 MP: 4/12
  3495 | D:4      | Noticed Robin
  3569 | D:4      | Killed Robin
  3780 | D:4      | Reached skill level 6 in Air Magic
  3780 | D:4      | Gained mutation: Your magical flight helps you evade
                  | attacks. (EV +4) [Tengu growth]
  3780 | D:4      | Reached XP level 7. HP: 7/37 MP: 2/14
  3986 | D:4      | Reached skill level 1 in Fighting
  4219 | D:5      | Entered Level 5 of the Dungeon
  4222 | D:5      | Found Anim Gui's Armour Shoppe.
  4430 | D:5      | Reached skill level 5 in Conjurations
  4557 | D:5      | Found a runed translucent door.
  4558 | D:5      | Noticed Crazy Yiuf
  4664 | D:5      | Reached XP level 8. HP: 31/43 MP: 13/16
  4803 | D:5      | Reached skill level 5 in Spellcasting
  4803 | D:5      | Reached skill level 7 in Air Magic
  4806 | D:5      | Learned a level 2 spell: Blink
  5374 | D:5      | Slain by Crazy Yiuf

Illustrated notes

Levels and vault maps discovered:
D:1:      minmay_arrival_four_circles, layout_loops_corners
D:2:      layout_basic
D:3:      layout_basic, mainiacjoe_overflow_24_doors
D:4:      layout_rooms, minmay_temple_entry_butterflies,
          kennysheep_generic_room_3, uniq_robin, uniq_sigmund
D:5:      layout_loops_cross, serial_shops, shop, nicolae_nh_ransacked_shop,
          uniq_crazy_yiuf_cottage
Temple:   minmay_temple_curvy_loop

Skill      XL: |  1  2  3  4  5  6  7  8 |
---------------+-------------------------+-----
Conjurations   | 2 3 5 6 |  6.0
Air Magic      | 5 6 7 |  7.5
Spellcasting   | 3 4 5 |  5.4
Polearms       | 1 2 |  2.6
Dodging        | 3 |  3.8
Fighting       | 1 |  1.7
Stealth        | 3 |  3.5

Action                     |  1- 3 |  4- 6 |  7- 9 || total
---------------------------+-------+-------+-------++-------
  Melee: Unarmed           |     9 |       |       ||     9
         Kick              |     8 |    10 |    11 ||    29
         Staff             |     4 |       |       ||     4
         Spear             |    18 |    31 |    39 ||    88
         Peck              |     2 |     2 |     4 ||     8
         Punch             |       |       |     2 ||     2
   Cast: Shock             |    47 |   100 |    74 ||   221
         Static Discharge  |       |     3 |     7 ||    10
         Swiftness         |       |     1 |       ||     1
    Use: Scroll            |       |    14 |     4 ||    18
         Potion            |       |     2 |       ||     2
   Stab: Sleeping          |     1 |     1 |       ||     2
         Distracted        |       |       |     1 ||     1
 Armour: Robe              |    16 |    39 |    20 ||    75
  Dodge: Dodged            |    15 |    63 |    36 ||   114
